 Dungeon Sprint DCSS version 0.26-a0-649-gf8c6c3aab7 (webtiles) character file.

Game seed: 3691704684196545082

585 sahdkjhfkaj the Transmogrifier (level 7, -2/46 HPs)
             Began as an Octopode Transmuter on Sept 27, 2020.
             Was an Initiate of Gozag.
             Slain by an anaconda (14 damage)
             ... in the Dungeon (Sprint VII: "The Pits").
             The game lasted 00:01:53 (999 turns).

sahdkjhfkaj the Transmogrifier (Octopode Transmuter) Turns: 999, Time: 00:01:54

Health: -2/46      AC:  1    Str: 12    XL:     7   Next: 37%
Magic:  5/10       EV: 11    Int: 15    God:    Gozag
Gold:   374        SH:  0    Dex: 12    Spells: 4/10 levels left

rFire    . . .     SeeInvis .     - Unarmed
rCold    . . .     Faith    .   (shield currently unavailable)
rNeg     . . .     Spirit   .   (helmet restricted)
rPois    .         Reflect  .   (no amulet)
rElec    .         Harm     .   (no ring)
rCorr    .         Rampage  .   (no ring)
MR       .....     NoTele   +   (no ring)
Stlth    ++........             (no ring)
HPRegen  0.15/turn              (no ring)
MPRegen  0.12/turn              (no ring)
                                (no ring)
                                (no ring)

@: blade tentacles, constricted
A: almost no armour, stealthy swim, amphibious, 8 rings, constrict 8, camouflage
1, gelatinous body 1
a: End Transformation, Potion Petition, Call Merchant, Bribe Branch, Renounce
Religion


You were in the Dungeon.
You worshipped Gozag.
Gozag was aware of your devotion.
You had blades for tentacles.
You visited 1 branch You collected 927 gold pieces.
You paid 553 gold pieces to Gozag.

Inventory:

Scrolls
 g - a scroll of blinking
 h - 3 scrolls of remove curse
 i - 5 scrolls of amnesia
 j - a scroll of summoning
 k - 2 scrolls of vulnerability
Potions
 a - 2 potions of invisibility
 b - 6 potions of curing
 c - 2 potions of heal wounds
 d - a potion of haste
 e - 4 potions of magic
 f - 2 potions of berserk rage


   Skills:
 + Level 3.1 Fighting
 + Level 3.6 Dodging
 + Level 8.9 Unarmed Combat
 - Level 2.0 Spellcasting
 - Level 12.2 Transmutations


You had 4 spell levels left.
You knew the following spells:

 Your Spells              Type           Power        Failure   Level
a - Beastly Appendage     Tmut           #####.       8%          1
A - Blade Hands           Tmut           #####.....   30%         5

Your spell library contained the following spells:

 Spells                   Type           Power        Failure   Level
 Wereblood                Tmut           #####...     9%          2
 Spider Form              Tmut/Pois      ###.......   34%         3
 Ice Form                 Ice/Tmut       ###.....     61%         4


Dungeon Overview and Level Annotations

Branches:
Dungeon (1/1)

Altars:
Ashenzari
Cheibriados
Dithmenos
Elyvilon
Fedhas
Gozag
Hepliaklqana
Kikubaaqudgha
Makhleb
Nemelex Xobeh
Okawaru
Qazlal
Ru
Sif Muna
Trog
Uskayaw
Vehumet
Wu Jian
Xom
Yredelemnul
Zin
The Shining One
Beogh
Jiyva
Lugonu

Shops:
D [


Innate Abilities, Weirdness & Mutations

You cannot wear most types of armour.
You are very stealthy in the water. (Stealth+)
You are amphibious.
You can wear up to eight rings at the same time.
You can use your tentacles to constrict eight enemies at once.
Your skin changes colour to match your surroundings (Stealth+).
Your rubbery body absorbs attacks. (AC +1, EV +1)


Message History

Confirm with . or Enter, or press ? or * to list all spells.
The spell is quite dangerous to cast (4% risk of failure)!
Continue anyway?
Your tentacles turn into razor-sharp scythe blades.
You open the door.
An anaconda comes into view.
The anaconda hisses angrily.
The anaconda misses you. The anaconda bites you! The anaconda grabs you.
The anaconda bites you! The anaconda constricts you.
There is an open door, spattered with blood here.
You slash the anaconda!
The anaconda is moderately wounded.
The anaconda barely misses you. The anaconda constricts you.
The anaconda closely misses you.
* * * LOW HITPOINT WARNING * * *
The anaconda constricts you.
You hit the anaconda. Your slash misses the anaconda. You squeeze the anaconda.
The anaconda is moderately wounded.
The anaconda bites you!
You die...
Your body crumbles into a pile of gold.

#.#........##.......#
#.#........##.......#
#'###########.......#
#...(...# #########
#..([...# #...#(..#
#..###..#+#
#...#...#S+
#.......#@#
#...∩...')#
###########


You could see an anaconda.

Vanquished Creatures
  An orc warrior (D)
  2 phantoms (D)
  A centaur (D)
  2 bullfrogs (D)
  An iron imp (D)
  Jessica (D)
  A worker ant (D)
  A gnoll (D)
  An ufetubus (D)
  An ooze (D)
  A leopard gecko (D)
  A goblin (D)
  A kobold (D)
  A rat (D)
16 creatures vanquished.

Notes
Turn   | Place    | Note
-------+----------+-------------------------------------------
     0 | D        | sahdkjhfkaj the Octopode Transmuter began the quest for the
                  | Orb.
     0 | D        | Reached XP level 1. HP: 13/13 MP: 3/3
    18 | D        | Found a bloodstained altar of Trog.
    18 | D        | Found a shimmering blue altar of Sif Muna.
    18 | D        | Found a viscous altar of Jiyva.
    18 | D        | Found a hazy altar of Hepliaklqana.
    18 | D        | Found an opulent altar of Gozag.
    19 | D        | Found a glowing golden altar of the Shining One.
    19 | D        | Found a glowing silver altar of Zin.
    19 | D        | Found a basalt altar of Yredelemnul.
    19 | D        | Found a shimmering altar of Xom.
    19 | D        | Found an ornate altar of the Wu Jian Council.
    19 | D        | Found a sacrificial altar of Ru.
    19 | D        | Found a stormy altar of Qazlal.
    19 | D        | Found an iron altar of Okawaru.
    19 | D        | Found a sparkling altar of Nemelex Xobeh.
    19 | D        | Found a burning altar of Makhleb.
    19 | D        | Found a blossoming altar of Fedhas.
    19 | D        | Found a white marble altar of Elyvilon.
    19 | D        | Found a shadowy altar of Dithmenos.
    19 | D        | Found a snail-covered altar of Cheibriados.
    20 | D        | Found a radiant altar of Vehumet.
    20 | D        | Found a corrupted altar of Lugonu.
    20 | D        | Found a roughly hewn altar of Beogh.
    21 | D        | Found a hide-covered altar of Uskayaw.
    21 | D        | Found an ancient bone altar of Kikubaaqudgha.
    21 | D        | Found a broken altar of Ashenzari.
    24 | D        | Became a worshipper of Gozag Ym Sagoz the Greedy
    52 | D        | Noticed a worker ant
    59 | D        | Killed a worker ant
    59 | D        | Reached XP level 2. HP: 18/18 MP: 1/5
    59 | D        | Reached XP level 3. HP: 23/23 MP: 1/6
   148 | D        | Noticed a phantom
   169 | D        | Killed a phantom
   169 | D        | Reached skill level 6 in Transmutations
   169 | D        | Reached XP level 4. HP: 9/28 MP: 5/7
   169 | D        | Reached XP level 5. HP: 11/33 MP: 5/8
   414 | D        | Learned a level 5 spell: Blade Hands
   509 | D        | Noticed Jessica
   509 | D        | Noticed a phantom
   518 | D        | Reached skill level 8 in Transmutations
   522 | D        | Reached skill level 10 in Transmutations
   522 | D        | Reached XP level 6. HP: 18/38 MP: 4/9
   533 | D        | Killed a phantom
   533 | D        | Reached skill level 11 in Transmutations
   629 | D        | Killed Jessica
   629 | D        | Reached skill level 12 in Transmutations
   635 | D        | Reached XP level 7. HP: 18/44 MP: 4/10
   996 | D        | Noticed an anaconda
   999 | D        | Slain by an anaconda

Illustrated notes

Levels and vault maps discovered:
D:        pitsprint [storerooms_1, entrance_room_1, metal_vault_6, armoury_2,
          mini_pit_1, grid_room_1, main_hall_1, silver_pit, the_coven_3,
          the_vestibule_1, steel_vault_4, golden_pit, hallway_of_sentries,
          crystal_vault_1, iron_vault_5, final_vault]

Skill      XL: |  1  2  3  4  5  6  7 |
---------------+----------------------+-----
Unarmed Combat | 6 8 |  8.9
Transmutations | 6 10 12 | 12.2
Fighting       | 3 |  3.1
Dodging        | 3 |  3.6
Spellcasting   | |  2.0

Action                   |  1- 3 |  4- 6 |  7- 9 || total
-------------------------+-------+-------+-------++-------
Melee: Unarmed           |    23 |    20 |     5 ||    48
       Tentacles         |     6 |       |     3 ||     9
       Constrict         |     4 |     3 |     1 ||     8
       Kick              |     3 |       |       ||     3
       Punch             |       |     1 |       ||     1
 Cast: Beastly Appendage |     4 |       |       ||     4
       Blade Hands       |       |     2 |     2 ||     4
Invok: Call Merchant     |       |       |     1 ||     1
  Use: Potion            |     1 |     4 |       ||     5
 Stab: Sleeping          |     1 |       |     1 ||     2
Armor: Skin              |     1 |       |       ||     1
Dodge: Dodged            |    13 |    10 |     4 ||    27

Table legend: (Time is in decaauts)
 A = Elapsed time spent in this place.
 B = Non-inter-level travel time spent in this place.
 C = Inter-level travel time spent in this place.
 D = Time resting spent in this place.
 E = Time spent auto-exploring this place.
 F = Levels seen in this place.
 G = Mean time per level.
                   A        B        C        D        E       F      G
               +--------+--------+--------+--------+--------+-----+--------+
         Total |   1000 |    978 |     22 |    764 |      0 |   1 | 1000.0 |
       Dungeon |   1000 |    978 |     22 |    764 |      0 |   1 | 1000.0 |
               +--------+--------+--------+--------+--------+-----+--------+

Top non-repeatable levels by time:
       D: 1000 daAuts
